 Dungeon Crawl Stone Soup version 0.31-a0-1-g4198be8af4 (webtiles) character file.

Game seed: 17452970517340099175

65 qeuew the Covered (level 4, -1/40 HPs)
             Began as a Hill Orc Fighter on May 1, 2023.
             Slain by Terence
             ... wielding a +0 morningstar of holy wrath
              (7 damage)
             ... on level 2 of the Dungeon.
             The game lasted 00:01:28 (1341 turns).

qeuew the Covered (Hill Orc Fighter)                Turns: 1341, Time: 00:01:29

Health: -1/40      AC:  7    Str: 20    XL:     4   Next: 14%
Magic:  4/4        EV:  9    Int:  6    God:
Gold:   101        SH:  4    Dex: 12    Spells: 3/3 levels left

rFire   . . .        a - +1 war axe
rCold   . . .        c - +0 buckler
rNeg    . . .        b - +0 scale mail
rPois   .            (no helmet)
rElec   .            (no cloak)
rCorr   .            (no gloves)
SInv    .            (no boots)
Will    .....        (no amulet)
Stlth   +            (no ring)
HPRegen 0.26/turn    (no ring)
MPRegen 0.09/turn

%: no passive effects
@: mighty
A: fangs 1, thin skeletal structure 1, dopey 1, MP-powered wands
a: no special abilities


You were on level 2 of the Dungeon.
You visited 1 branch of the dungeon, and saw 2 of its levels.

You collected 101 gold pieces.

Inventory:

Hand Weapons
 a - a +1 war axe (weapon)
Armour
 b - a +0 scale mail (worn)
 c - a +0 buckler (worn)
Jewellery
 k - a ring of protection from cold
Scrolls
 e - a scroll of blinking
 h - 2 scrolls of identify {unknown}
 i - 2 scrolls of teleportation {unknown}
 j - a scroll of enchant weapon
 l - a scroll of fog {unknown}
Potions
 d - a potion of might
 f - a potion of mutation
 g - a potion of curing
 m - a potion of flight {unknown}


   Skills:
 + Level 4.1 Fighting
 * Level 3.9 Axes
 * Level 4.1 Armour
 + Level 3.7 Shields


You had 3 spell levels left.
You didn't know any spells.
Your spell library was empty.

Dungeon Overview and Level Annotations

Branches:
Dungeon (2/15)

Altars:

Shops:
D:1 (

Annotations:
D:2 Terence


Innate Abilities, Weirdness & Mutations

You have very sharp teeth.
You have a somewhat thin skeletal structure. (Dex +2, Stealth+)
You are dopey. (Int -2)
You expend magic power (3 MP) to strengthen your wands.


Message History

No target in view!
No target in view!
i - 2 scrolls labelled IMEURA XEUNGIU (gained 1)
m - a red potion Terence the Incautious comes into view.
He is wielding a +0 morningstar of holy wrath.
Terence is nearby!
Terence hits you with a +0 morningstar of holy wrath!
You hit Terence but do no damage.
Terence hits you with a +0 morningstar of holy wrath.
You hit Terence but do no damage. You bite Terence, but do no damage.
Terence barely misses you.
You barely miss Terence. Terence barely misses you. x2
You hit Terence but do no damage. You bite Terence, but do no damage.
Terence hits you with a +0 morningstar of holy wrath.
You barely miss Terence.
Terence hits you with a +0 morningstar of holy wrath.
You are too injured to fight recklessly!
You are too injured to fight recklessly!
You are too injured to fight recklessly!
You are too injured to fight recklessly!
You are too injured to fight recklessly!
You are too injured to fight recklessly!
You are too injured to fight recklessly!
You are too injured to fight recklessly!
You are too injured to fight recklessly!
You are too injured to fight recklessly!
You are too injured to fight recklessly!
You are too injured to fight recklessly!
You are too injured to fight recklessly!
You hit Terence.
Terence is moderately wounded.
Terence hits you with a +0 morningstar of holy wrath. x2
* * * LOW HITPOINT WARNING * * *
You feel very mighty all of a sudden.
Terence hits you with a +0 morningstar of holy wrath.
* * * LOW HITPOINT WARNING * * *
You hit Terence. Your bite misses Terence.
Terence is heavily wounded.
Terence hits you with a +0 morningstar of holy wrath!
You die...

.....#......#
##...# ##
....#########
#...###
.....#...###
#.....#
####.......##
#####...#.####
###......##
#...........).
####....###
..#####.#####.
###....####
#.#.#.#.
##......#.#
#.#..[..
##...@@.$#
#.#.#.#.
###...###
#.#####. #####
#.......
########


You could see Terence.

Vanquished Creatures
  A worm (D:2)
  2 dart slugs (D:1)
  7 endoplasms
  4 giant cockroaches
  5 goblins
  8 hobgoblins
  4 jackals (D:2)
  2 kobolds
  3 quokkas
  4 ball pythons
  2 bats
  2 frilled lizards
  6 rats
50 creatures vanquished.

Notes
Turn   | Place    | Note
-------+----------+-------------------------------------------
     0 | D:1      | qeuew the Hill Orc Fighter began the quest for the Orb.
     0 | D:1      | Reached XP level 1. HP: 19/19 MP: 1/1
   202 | D:1      | Reached XP level 2. HP: 26/27 MP: 2/2
   336 | D:1      | Found Vomev's Weapon Emporium.
   358 | D:1      | Reached XP level 3. HP: 33/33 MP: 3/3
   878 | D:1      | Gained mutation: You expend magic power (3 MP) to
                  | strengthen your wands. [potion of mutation]
   878 | D:1      | Gained mutation: You have very sharp teeth. [potion of
                  | mutation]
   878 | D:1      | Gained mutation: You are dopey. (Int -2) [potion of
                  | mutation]
   878 | D:1      | Gained mutation: You have a somewhat thin skeletal
                  | structure. (Dex +2, Stealth+) [potion of mutation]
  1157 | D:2      | Reached XP level 4. HP: 36/40 MP: 4/4
  1331 | D:2      | Noticed Terence
  1341 | D:2      | Slain by Terence

Illustrated notes

Levels and vault maps discovered:
D:1:      scummos_arrival_forest, layout_basic, serial_shops,
          nicolae_shop_bloodbath_and_beyond, minivault_4
D:2:      layout_rooms, serial_curves, eino_curves_02, eino_curves_04,
          minmay_split_cup_small, uniq_terence

Skill      XL: |  1  2  3 |
---------------+----------+-----
Axes           | 3 |  3.9
Fighting       | 4 |  4.1
Armour         | 4 |  4.1
Shields        | |  3.7

Action                     |  1- 3 |  4- 6 || total
---------------------------+-------+-------++-------
  Melee: War axe           |    85 |    18 ||   103
         Bite              |     2 |     3 ||     5
    Use: Potion            |     3 |     1 ||     4
         Scroll            |     2 |       ||     2
 Armour: Scale mail        |    46 |     4 ||    50
  Dodge: Dodged            |    45 |     9 ||    54
  Block: Buckler           |    12 |     2 ||    14

Table legend: (Time is in decaauts)
 A = Elapsed time spent in this place.
 B = Non-inter-level travel time spent in this place.
 C = Inter-level travel time spent in this place.
 D = Time resting spent in this place.
 E = Time spent auto-exploring this place.
 F = Levels seen in this place.
 G = Mean time per level.
                   A        B        C        D        E       F      G
               +--------+--------+--------+--------+--------+-----+--------+
         Total |   1378 |   1358 |     20 |     26 |   1055 |   2 |  689.0 |
       Dungeon |   1378 |   1358 |     20 |     26 |   1055 |   2 |  689.0 |
               +--------+--------+--------+--------+--------+-----+--------+

Top non-repeatable levels by time:
     D:1: 948 daAuts
     D:2: 430 daAuts
